 Dungeon Crawl Stone Soup version 0.23.2-11-gf996548 (webtiles) character file.

Game seed: 10336390222467006925

44 Fortress the Firebug (level 3, -1/24 HPs)
             Began as a Demonspawn Fire Elementalist on June 7, 2019.
             Slain by a kobold
             ... wielding a +0 club
              (2 damage)
             ... on level 3 of the Dungeon.
             The game lasted 00:05:49 (916 turns).

Fortress the Firebug (Demonspawn Fire Elementalist)  Turns: 916, Time: 00:05:49

Health: -1/24      AC:  4    Str:  8    XL:     3   Next: 39%
Magic:  0/6        EV: 12    Int: 17    God:
Gold:   76         SH:  0    Dex: 13    Spells: 5/6 levels left

rFire    . . .     SeeInvis .   b - +2 dagger (venom)
rCold    . . .     Gourm    .   (no shield)
rNeg     . . .     Faith    .   a - +0 robe
rPois    .         Spirit   .   (no helmet)
rElec    .         Reflect  .   (no cloak)
rCorr    .         Harm     .   e - +0 pair of gloves
MR       .....                  i - +0 pair of boots
Stlth    ++........             (no amulet)
HPRegen  0.08/turn              (no ring)
MPRegen  0.10/turn              (no ring)

@: no status effects
A: powered by death 1
a: no special abilities


You were on level 3 of the Dungeon.
You were not hungry.

You visited 1 branch of the dungeon, and saw 3 of its levels.

You collected 76 gold pieces.

Inventory:

Hand Weapons
 b - a +2 dagger of venom (weapon)
Missiles
 h - 50 stones (quivered)
Armour
 a - a +0 robe (worn)
 e - a +0 pair of gloves (worn)
 i - a +0 pair of boots (worn)
Scrolls
 f - a scroll of identify
Potions
 j - a potion of magic
Comestibles
 c - a ration


   Skills:
 - Level 2.0 Dodging
 + Level 1.8 Stealth
 + Level 2.3 Spellcasting
 + Level 1.3 Conjurations
 + Level 3.5 Fire Magic


You had 5 spell levels left.
You knew the following spells:

 Your Spells              Type           Power        Failure   Level  Hunger
a - Flame Tongue          Conj/Fire      ##...        7%          1    #......

Your spell library contained the following spells:

 Spells                   Type           Power        Failure   Level  Hunger
 Throw Flame              Conj/Fire      ##....       11%         2    ##.....
 Conjure Flame            Conj/Fire      ##......     21%         3    ###....
 Inner Flame              Hex/Fire       #.......     26%         3    ###....
 Sticky Flame             Conj/Fire      ##......     56%         4    #####..
 Fireball                 Conj/Fire      ##........   88%         5    ######.


Dungeon Overview and Level Annotations

Branches:
Dungeon (3/15)

Altars:


Innate Abilities, Weirdness & Mutations

You regenerate a little health from kills.


Message History

Press: ? - help, Shift-Dir - straight line, f - hobgoblin
Aim: a hobgoblin, wielding a +0 club (poisoned)
The flame tongue hits the hobgoblin.
The hobgoblin is moderately wounded.
The hobgoblin barely misses you.
A goblin comes into view.
The kobold hits you with a +0 club.
* * * LOW HITPOINT WARNING * * *
The goblin hits you with a +0 dagger.
* * * LOW HITPOINT WARNING * * *
The kobold closely misses you.
Okay, then.
Okay, then.
The hobgoblin barely misses you.
A kobold comes into view. It is wielding a +0 club.
Your magical contamination has completely faded away.
There is a stone staircase leading down here.
You kill the hobgoblin!
The kobold hits you but does no damage. The kobold hits you with a +0 club.
You die...

#.......##.....#
####...###.....# ..
########..#.###.....#
...#..>.....##......<..#
..#...>....###....###$#
...$........#...### .#
#.............##
#...............
#....@....)#..##
#...KKg.......#
...#...r....≈≈≈#...
!.........≈≈≈≈≈≈≈≈≈
.......†.≈≈≈≈≈≈≈≈##
....#.#g####≈≈≈###
#...#=#.. #### .?. #.#..
... .. #...## ..


You could see 2 goblins, 2 kobolds and a rat.

Vanquished Creatures
  An adder (D:3)
  A dart slug (D:1)
  A leopard gecko (D:1)
  An orc (D:3)
  2 goblins (D:1)
  5 hobgoblins
  6 jackals (D:1)
  A quokka (D:3)
  3 bats (D:1)
  A frilled lizard (D:3)
  3 kobolds (D:1)
  3 rats
28 creatures vanquished.

Notes
Turn   | Place    | Note
-------+----------+-------------------------------------------
     0 | D:1      | Fortress the Demonspawn Fire Elementalist began the quest
                  | for the Orb.
     0 | D:1      | Reached XP level 1. HP: 13/13 MP: 3/3
    96 | D:1      | Reached skill level 3 in Fire Magic
   110 | D:1      | Gained mutation: You regenerate a little health from kills.
                  | [demonic ancestry]
   110 | D:1      | Reached XP level 2. HP: 16/19 MP: 0/5
   861 | D:2      | Reached XP level 3. HP: 24/24 MP: 4/6
   912 | D:3      | HP: 1/24 [goblin/+0 dagger (4)]
   916 | D:3      | Slain by a kobold

Skill      XL: |  1  2 |
---------------+-------+-----
Fire Magic     | 3 |  3.5
Dodging        | 2 |  2.0
Stealth        | |  1.8
Spellcasting   | |  2.3
Conjurations   | |  1.3

Action                   || total
-------------------------++-------
Melee: Dagger            ||    23
 Cast: Flame Tongue      ||    35
  Use: Scroll            ||     3
Armor: Robe              ||    12
Dodge: Dodged            ||    35
